AoeStats
← Madsite

Arena

506432033Analyzed
1v1 RM · 19d ago on Sep 13, 2026· 23m 14s· 2 players
Game mode
Random Map
Map size
Tiny (2 player)
Population
200
Speed
Normal
Resources
Standard
Victory
Conquest
Starting age
Dark Age
Ending age
Imperial Age
RankedLock teamsTeams togetherTeam positionsShared explorationLock speedFull tech treeHidden civsTurbo modeCheats
Victory
Defeat
🇧🇪 Sicilians · Belgium
899
+39
🇪🇸 Britons · Spain
879
-15
Lober23
10:40 Feudal Age
15:19 Castle Age
13:21 Stone Mining
13:48 Double-Bit Axe
14:44 Gold Mining
19:34 Gold Shaft Mining
19:06 Horse Collar
Madsite
10:02 Feudal Age
13:50 Castle Age
14:13 Loom
18:50 Double-Bit Axe
19:39 Horse Collar
21:19 Scale Mail Armor
Connection lost

Rejoining the realm…

Still unreachable

The connection could not be restored.

Session expired

The server has moved on; the page needs a fresh start.